 Dungeon Crawl Stone Soup version 0.29-a0-577-gafbf2c5d25 (webtiles) character file.

Game seed: 11011081722384665259

16 zishaf the Skirmisher (level 2, -3/33 HPs)
             Began as an Ogre Chaos Knight on June 13, 2022.
             Was a Plaything of Xom.
             Slain by a shadow imp (4 damage)
             ... summoned by Xom
             ... on level 1 of the Dungeon.
             The game lasted 00:01:32 (374 turns).

zishaf the Skirmisher (Ogre Chaos Knight)            Turns: 374, Time: 00:01:33

Health: -3/33      AC:  5    Str: 15    XL:     2   Next: 58%
Magic:  3/3        EV:  9    Int: 13    God:    Xom [*.....]
Gold:   28         SH:  0    Dex:  8    Spells: 2/2 levels left

rFire   . . .      SeeInvis .   a - +0 mace (chaos)
rCold   . . .      Faith    .   (no shield)
rNeg    . . .      Spirit   .   b - +2 robe
rPois   .          Reflect  .   (helmet restricted)
rElec   .          Harm     .   (no cloak)
rCorr   .          Rampage  .   (gloves unavailable)
Will    .....                   (boots unavailable)
Stlth   +.........              (no amulet)
HPRegen 0.11/turn               (no ring)
MPRegen 0.08/turn               (no ring)

@: no status effects
A: large, unfitting armour, tough skin 1
a: Renounce Religion


You were on level 1 of the Dungeon.
You worshipped Xom.
You were a special plaything of Xom.
You visited 1 branch of the dungeon, and saw 1 of its levels.

You collected 28 gold pieces.

Inventory:

Hand Weapons
 a - a +0 mace of chaos (weapon)
Armour
 b - a +2 robe (worn)
Scrolls
 d - a scroll of identify {unknown}
 e - a scroll of poison {unknown}
Miscellaneous
 c - a piece from Xom's chessboard (15/15) (quivered)


   Skills:
 * Level 4.5 Fighting
 * Level 3.0 Maces & Flails
 - Level 2.1 Dodging
 + Level 0.8 Spellcasting


You had 2 spell levels left.
You didn't know any spells.
Your spell library contained the following spells:

 Spells                   Type           Power      Damage    Failure   Level
 Apportation              Tloc           0%         N/A       28%         1
 Sublimation of Blood     Necr           0%         N/A       41%         2
 Alistair's Intoxication  Tmut/Pois      0%         N/A       100%        5
 Infestation              Necr           0%         N/A       100%        8
 Maxwell's Capacitive Co  Air            0%         ∞         100%        8


Dungeon Overview and Level Annotations

Branches:
Dungeon (1/15)

Altars:


Innate Abilities, Weirdness & Mutations

You are too large for most types of armour.
You have tough skin. (AC +1)


Message History

"Let's see if it's strong enough to survive yet."
The shadow imp gestures at you. Pain shoots through your body!
The shadow imp gestures at you.
You barely resist. You barely miss the iron imp. The iron imp hits you.
You barely miss the iron imp. The iron imp hits you.
You hit the iron imp but do no damage. The iron imp barely misses you.
You hit the iron imp.
The iron imp seems to speed up.
The iron imp is moderately wounded.
The iron imp barely misses you.
You barely miss the iron imp.
The iron imp is moderately wounded.
The iron imp hits you but does no damage.
The iron imp hits you.
* * * LOW HITPOINT WARNING * * *
You sock the iron imp!
The iron imp flickers and vanishes!
Deactivating autopickup; reactivate with Ctrl-A.
Something hits you.
* * * LOW HITPOINT WARNING * * *
You hit something.
Reactivating autopickup.
You closely miss the shadow imp.
The shadow imp hits you but does no damage.
The shadow imp barely misses you.
You closely miss the shadow imp.
The shadow imp hits you but does no damage.
You hit the shadow imp.
The shadow imp goes berserk!
The shadow imp is lightly wounded.
The shadow imp hits you.
* * * LOW HITPOINT WARNING * * *
The shadow imp closely misses you.
You closely miss the shadow imp.
The shadow imp is lightly wounded.
The shadow imp hits you but does no damage.
You hit the shadow imp.
The shadow imp's magic leaks into the air.
The shadow imp is moderately wounded.
The shadow imp hits you.
You die...

#.# ################.#
....$..........#.# ##########
...............#.# #........#
...............#.# #........#
...............#.###........#
............5.........>.....#
...)..........÷#5##.........#
...........5...#@##.........#
...............#.##.........#
...............#.##.........#
#########......#.##.........#
#......#............#
#......####.........#
.####### #.######### . #.# .
#)#


You could see a shadow imp (summoned, berserk, magic disrupted).

Vanquished Creatures
  A dart slug (D:1)
  An endoplasm (D:1)
  A giant cockroach (D:1)
  A goblin (D:1)
  2 kobolds (D:1)
  A quokka (D:1)
  2 ball pythons (D:1)
  2 bats (D:1)
  A frilled lizard (D:1)
  2 rats (D:1)
14 creatures vanquished.

Notes
Turn   | Place    | Note
-------+----------+-------------------------------------------
     0 | D:1      | zishaf the Ogre Chaos Knight began the quest for the Orb.
     0 | D:1      | Reached XP level 1. HP: 24/24 MP: 1/1
    83 | D:1      | XOM: potion effect (brilliance)
   123 | D:1      | Reached XP level 2. HP: 33/33 MP: 2/2
   235 | D:1      | Got the Guide on Weightlessness and Black Rituals
   247 | D:1      | XOM: silly message
   319 | D:1      | XOM: silly message
   329 | D:1      | XOM: torment (16/33 hp)
   348 | D:1      | XOM: summons 2 hostile demons
   368 | D:1      | HP: 1/33 [something (5)]
   374 | D:1      | Slain by a shadow imp

Illustrated notes

Levels and vault maps discovered:
D:1:      ebering_hopf_link, layout_basic

Skill      XL: |  1  2 |
---------------+-------+-----
Maces & Flails | 3 |  3.0
Fighting       | |  4.5
Dodging        | |  2.1
Spellcasting   | |  0.8

Action                   || total
-------------------------++-------
Melee: Mace              ||    47
Armor: Robe              ||    19
Dodge: Dodged            ||    20

Table legend: (Time is in decaauts)
 A = Elapsed time spent in this place.
 B = Non-inter-level travel time spent in this place.
 C = Inter-level travel time spent in this place.
 D = Time resting spent in this place.
 E = Time spent auto-exploring this place.
 F = Levels seen in this place.
 G = Mean time per level.
                   A        B        C        D        E       F      G
               +--------+--------+--------+--------+--------+-----+--------+
         Total |    385 |    385 |      0 |      0 |    234 |   1 |  385.0 |
       Dungeon |    385 |    385 |      0 |      0 |    234 |   1 |  385.0 |
               +--------+--------+--------+--------+--------+-----+--------+

Top non-repeatable levels by time:
     D:1: 385 daAuts
